Map: Triton LE

Players

NeMorosi

  • Race: Protoss Protoss
  • League: Master
  • Spawn Location: 5:00

Mez - Winner!

  • Race: Terran Terran
  • League: Master
  • Spawn Location: 11:00

VOD

Have the link to the VOD?

Description

Time

  • Played on: Sept. 5, 2019, 7:32 a.m.
  • Length: 9:39
Show
View Real Time Build Order
Export as new Build Order

NeMorosi Protoss 

Build Orders: 1 Gate Expand, Zealot Archon, Dark Templar Rush 

Get SALT Encoding   

  12  0:02  Probe  
  13  0:15  Probe  
  13  0:18  Pylon  
  14  0:25  Probe  
  15  0:33  Probe  
  15  0:37  Gateway  
  15  0:41  Probe  
  16  0:48  Assimilator  
  17  0:53  Probe  
  18  1:05  Probe  
  19  1:17  Probe  
  20  1:25  Cybernetics Core  
  20  1:29  Probe  
  21  1:37  Nexus  
  21  1:42  Pylon  
  21  1:46  Assimilator  
  21  1:50  Probe  
  21  1:51  Stalker  
  24  2:02  Probe  
  25  2:12  Twilight Council  
  25  2:14  Probe  
  26  2:22  Stalker  
  26  2:26  Pylon, Probe  
  27  2:36  Warp Gate  
  29  2:38  Probe  
  30  2:50  Probe  
  31  2:53  Probe  
  32  3:04  Dark Shrine, Probe  
  32  3:05  Gateway  
  33  3:06  Charge  
  33  3:12  Probe  
  33  3:16  Probe  
  35  3:22  Pylon, Probe  
  35  3:23  Gateway  
  36  3:28  Probe  
  37  3:38  Probe  
  37  3:40  Probe  
  39  3:51  Probe  
  39  3:55  Robotics Facility  
  40  3:56  Gateway  
  40  4:02  Gateway  
  40  4:04  Gateway  
  40  4:06  Probe x2  
  42  4:14  Pylon  
  42  4:24  Dark Templar  
  44  4:25  Dark Templar  
  44  4:28  Probe  
  44  4:29  Pylon  
  44  4:30  Assimilator  
  47  4:33  Pylon  
  47  4:50  Probe  
  46  4:53  Zealot, Dark Templar  
  46  4:57  Probe  
  46  4:59  Gateway  
  51  5:01  Archon  
  51  5:02  Gateway  
  51  5:03  Zealot x2  
  51  5:04  Zealot  
  57  5:07  Sentry  
  57  5:14  Probe  
  60  5:21  Gateway  
  60  5:23  Dark Templar  
  60  5:24  Zealot x2  
  60  5:26  Zealot  
  68  5:39  Pylon  
  68  5:41  Pylon  
  68  5:44  Pylon  
  68  5:45  Dark Templar  
  68  5:46  Zealot x2  
  74  5:50  Zealot  
  74  5:52  Archon  
  74  5:54  Zealot  
  74  5:56  Zealot  
  80  6:01  Stalker  
  46  6:33  Probe x2  
  48  6:40  Forge  
  48  6:42  Forge, Sentry  
  48  6:45  Probe x2  
  48  6:46  Nexus  
  52  6:49  Pylon  
  52  6:53  Assimilator  
  52  6:54  Protoss Ground Weapons Level 1  
  52  6:55  Protoss Shields Level 1  
  52  6:56  Robotics Bay  
  52  6:57  Probe  
  52  7:00  Pylon  
  53  7:03  Blink  
  53  7:04  Probe  
  53  7:05  Pylon  
  54  7:20  Probe x2  
  56  7:23  Assimilator, Stalker x2  
  56  7:24  Zealot  
  62  7:32  Probe x2  
  64  7:39  Observer  
  64  7:44  Probe x2, Extended Thermal Lance  
  67  7:56  Probe x2, Robotics Facility  
  69  7:59  Gateway  
  69  8:00  Gateway, Probe  
  70  8:06  Stalker x2  
  70  8:08  Probe x2  
  76  8:15  Disruptor  
  79  8:20  Probe  
  79  8:24  Zealot x4  
  79  8:25  Zealot x2  
  91  8:38  Dark Templar  
  91  8:39  Dark Templar  
  93  8:43  Archon  
  93  8:45  Zealot x3  
  93  8:46  Zealot  
  91  8:51  Dark Templar  
  91  8:52  Zealot  
  63  9:07  Zealot x4  
  63  9:08  Zealot, Dark Templar  
  70  9:11  Zealot  
  70  9:13  Stalker  
  69  9:22  Sentry  
  71  9:26  Zealot  
  69  9:33  Dark Templar  
  69  9:34  Zealot x2  
Show
View Real Time Build Order
Export as new Build Order

Mez Terran - Winner!

Build Orders: Reaper Expand 

Get SALT Encoding   

  12  0:00  SCV  
  13  0:13  SCV  
  14  0:19  Supply Depot  
  14  0:25  SCV  
  15  0:41  SCV  
  15  0:42  Barracks  
  16  0:47  Refinery  
  16  0:53  SCV  
  17  1:05  SCV  
  18  1:17  SCV  
  19  1:30  Orbital Command, Reaper  
  20  1:40  Command Center  
  20  1:48  Bunker  
  20  1:57  SCV  
  20  1:58  Supply Depot  
  21  2:02  Marine  
  22  2:09  SCV  
  23  2:22  Barracks Reactor  
  24  2:33  Command Center  
  23  2:38  Factory  
  23  2:41  SCV  
  24  2:53  Orbital Command, SCV  
  25  2:58  Marine  
  25  2:59  Marine  
  25  3:02  Refinery  
  27  3:13  SCV  
  27  3:18  Marine x2  
  30  3:21  SCV  
  30  3:24  Starport  
  30  3:25  SCV  
  32  3:29  Widow Mine  
  32  3:33  SCV  
  35  3:37  SCV  
  35  3:39  Marine x2  
  38  3:45  SCV  
  38  3:46  Orbital Command  
  39  3:49  SCV  
  39  3:52  Factory Tech Lab  
  40  3:59  SCV  
  40  4:02  SCV  
  41  4:04  Barracks  
  41  4:07  Barracks  
  41  4:09  Marine x2  
  43  4:11  SCV  
  43  4:14  Raven  
  43  4:16  Factory Tech Lab  
  46  4:18  SCV x2  
  48  4:30  SCV, Engineering Bay  
  49  4:31  Engineering Bay  
  49  4:32  SCV  
  48  4:51  Marine x2  
  50  5:03  Factory Reactor, Terran Infantry Weapons Level 1  
  50  5:06  SCV x2, Starport Reactor  
  52  5:07  Marine x2  
  52  5:08  Stimpack, Refinery  
  52  5:09  Marine  
  55  5:17  SCV  
  56  5:23  Supply Depot  
  56  5:25  Supply Depot, SCV x2  
  58  5:29  SCV  
  58  5:31  Missile Turret  
  58  5:33  Terran Infantry Armor Level 1  
  59  5:44  Supply Depot  
  59  5:46  Marine x4  
  59  5:48  Widow Mine  
  59  5:49  Widow Mine  
  67  5:55  Supply Depot  
  67  5:58  Combat Shield  
  67  6:01  Supply Depot  
  54  6:29  Marine x4  
  55  6:35  Medivac  
  55  6:36  Supply Depot  
  57  6:42  SCV x2  
  57  6:46  Widow Mine  
  61  6:47  Marine x2  
  63  6:57  SCV  
  63  6:58  SCV x2  
  66  7:09  SCV  
  66  7:11  Marine x2  
  66  7:12  Marauder x2  
  66  7:14  Medivac x2  
  77  7:18  Widow Mine x2  
  77  7:21  SCV x2  
  77  7:22  SCV  
  84  7:23  Refinery  
  84  7:31  Barracks  
  84  7:32  Barracks  
  84  7:33  SCV x2  
  84  7:34  SCV  
  87  7:38  Marauder x2, Marine x2  
  87  7:40  Orbital Command, Concussive Shells  
  87  7:43  Armory  
  93  7:56  Marine x2  
  95  8:00  Marauder x2  
  99  8:07  Widow Mine  
  100  8:15  Supply Depot x2  
  100  8:16  Supply Depot  
  100  8:17  Supply Depot  
  100  8:18  Widow Mine, Medivac x2  
  106  8:21  Barracks Tech Lab, Marauder, Barracks Reactor  
  106  8:25  Marine  
  106  8:26  Marauder  
  111  8:41  Marauder, Marine  
  112  8:42  Marauder  
  112  8:43  Ghost Academy  
  112  8:48  Marauder, Medivac  
  117  8:55  Marine  
  113  8:56  Medivac  
  113  8:57  SCV x2  
  113  8:59  Marine  
  109  9:03  Marauder  
  109  9:04  Marauder  
  109  9:09  Marine  
  112  9:10  Marine  
  113  9:23  SCV  
Tags
 
Add a new tag
Caveats
  • Supply blocks, unpowered buildings, or Contaminate may cause inaccurate times.
  • Supply counts are checked every 10 seconds.